 Dungeon Crawl Stone Soup version 0.28.0-45-g0d030f2227 (webtiles) character file.

Game seed: 4047212674098875266

134 MisterFreud the Conjurer (level 5, 0/31 HPs)
             Began as an Octopode Conjurer on May 6, 2022.
             Slain by a hornet zombie (11 damage)
             ... on level 4 of the Dungeon.
             The game lasted 00:04:56 (3223 turns).

MisterFreud the Conjurer (Octopode Conjurer)        Turns: 3223, Time: 00:04:57

Health: 0/31       AC:  1    Str:  6    XL:     5   Next: 17%
Magic:  5/10       EV: 13    Int: 22    God:
Gold:   41         SH:  0    Dex: 11    Spells: 7/10 levels left

rFire   + . .      SeeInvis +   h - +2 dagger (venom)
rCold   . . .      Faith    .   (no shield)
rNeg    . . .      Spirit   .   (helmet restricted)
rPois   .          Reflect  .   (no amulet)
rElec   .          Harm     .   g - ring of protection from fire
rCorr   .          Rampage  .   o - ring of see invisible
Will    .....                   (no ring)
Stlth   +++.......              (no ring)
HPRegen 0.10/turn               (no ring)
MPRegen 0.12/turn               (no ring)
                                (no ring)
                                (no ring)

@: no status effects
A: almost no armour, amphibious, 8 rings, camouflage 1, gelatinous body 1,
(nimble swimmer 1), tentacles
a: no special abilities


You were on level 4 of the Dungeon.
You visited 1 branch of the dungeon, and saw 4 of its levels.

You collected 41 gold pieces.

Inventory:

Hand Weapons
 h - a +2 dagger of venom (weapon)
 n - a +2 morningstar of freezing
Jewellery
 g - a ring of protection from fire (left tentacle)
 o - a ring of see invisible (right tentacle)
Wands
 l - a wand of flame (10)
Scrolls
 a - a scroll of fog {unknown}
 b - a scroll of noise {unknown}
 c - 2 scrolls of enchant armour {unknown}
 d - a scroll of teleportation {unknown}
 f - a scroll of holy word {unknown}
 i - a scroll of fear {unknown}
 j - a scroll of identify {unknown}
Potions
 e - a potion of flight {unknown}
 m - a potion of lignification {unknown}


   Skills:
 - Level 2.0 Dodging
 - Level 2.6 Stealth
 + Level 3.3 Spellcasting
 + Level 5.5 Conjurations


You had 7 spell levels left.
You knew the following spells:

 Your Spells              Type           Power      Damage    Failure   Level
a - Magic Dart            Conj           100%       1d8       1%          1
b - Searing Ray           Conj           56%        2d6       1%          2

Your spell library contained the following spells:

 Spells                   Type           Power      Damage    Failure   Level
 Dazzling Flash           Conj/Hex       30%        N/A       12%         3
 Fulminant Prism          Conj/Hex       7%         3d7       36%         4
 Iskenderun's Mystic Bla  Conj/Tloc      15%        2d5       36%         4


Dungeon Overview and Level Annotations

Branches:
Dungeon (4/15)
 Temple: D:4-7

Altars:

Annotations:
D:3 1 runed translucent door, Crazy Yiuf


Innate Abilities, Weirdness & Mutations

You cannot wear most types of armour.
You are amphibious.
You can wear up to eight rings at the same time.
Your skin changes colour to match your surroundings (Stealth+).
Your rubbery body absorbs attacks. (AC +1, EV +1)
((You are camouflaged when in or above water. (Stealth+)))
You have tentacles for arms and can constrict up to eight enemies at once.


Message History

* * * LOW HITPOINT WARNING * * *
The hornet zombie misses you.
You barely miss the hornet zombie. You grab the hornet zombie.
The hornet zombie is moderately damaged.
You constrict the hornet zombie. The hornet zombie closely misses you.
The hornet zombie misses you.
It was a potion of curing.
You feel better.
You constrict the hornet zombie, but do no damage.
The hornet zombie hits you.
You hit the hornet zombie.
The hornet zombie is moderately damaged.
You constrict the hornet zombie. The hornet zombie closely misses you.
You hit the hornet zombie.
You squeeze the hornet zombie, but do no damage.
The hornet zombie is moderately damaged.
You constrict the hornet zombie, but do no damage.
The hornet zombie closely misses you.
You barely miss the hornet zombie.
You squeeze the hornet zombie, but do no damage.
The hornet zombie is moderately damaged.
You constrict the hornet zombie, but do no damage.
The hornet zombie barely misses you. The hornet zombie hits you.
* * * LOW HITPOINT WARNING * * *
You hit the hornet zombie.
The hornet zombie is heavily damaged.
You constrict the hornet zombie.
The hornet zombie hits you but does no damage.
You hit the hornet zombie.
The hornet zombie is heavily damaged.
You constrict the hornet zombie. The hornet zombie hits you.
* * * LOW HITPOINT WARNING * * *
You feel better.
You constrict the hornet zombie. The hornet zombie misses you.
The hornet zombie hits you.
You hit the hornet zombie. Your squeeze misses the hornet zombie.
The hornet zombie is heavily damaged.
You constrict the hornet zombie. The hornet zombie closely misses you.
You hit the hornet zombie.
The hornet zombie is severely damaged.
You constrict the hornet zombie. The hornet zombie hits you!
You die...

..... ..# ......#
#.# ...(...## #.##
......... ...#
........# #..#
.....#..# #..#
........#####..###
#(....@Z....#
##.#####..#.#
##.## #<.# #.<#
#.[.. ......#.#
#....# .######.#
###...# ..# .#...
#.# $..## #.#


You could see a hornet zombie.

Vanquished Creatures
  An iguana (D:4)
  An orc wizard (D:4)
  A hound skeleton (D:2)
  An adder (D:3)
  3 dart slugs
  2 orcs
  2 endoplasms
  5 giant cockroaches
  5 goblins
  6 hobgoblins
  4 jackals (D:3)
  4 kobolds
  5 quokkas
  A ball python (D:3)
  4 bats
  4 frilled lizards
  2 rats
51 creatures vanquished.

Vanquished Creatures (others)
  A plant (D:1)
1 creature vanquished.

Grand Total: 52 creatures vanquished

Notes
Turn   | Place    | Note
-------+----------+-------------------------------------------
     0 | D:1      | MisterFreud the Octopode Conjurer began the quest for the
                  | Orb.
     0 | D:1      | Reached XP level 1. HP: 11/11 MP: 3/3
     6 | D:1      | Noticed a komodo dragon
     6 | D:1      | Noticed a ragged hierophant
     7 | D:1      | Noticed a centaur
   203 | D:1      | Reached XP level 2. HP: 17/17 MP: 0/5
   259 | D:1      | Learned a level 2 spell: Searing Ray
   541 | D:1      | You fall into a shaft and drop 1 floor!
   674 | D:2      | Reached XP level 3. HP: 21/21 MP: 4/6
   760 | D:2      | Identified the +1 leather armour of Amelioration {-Tele
                  | rElec rPois SInv}
  1448 | D:2      | Reached skill level 5 in Conjurations
  1837 | D:3      | Reached XP level 4. HP: 27/27 MP: 6/8
  2588 | D:3      | Found a runed translucent door.
  2589 | D:3      | Noticed Crazy Yiuf
  3145 | D:4      | Reached XP level 5. HP: 25/31 MP: 3/10
  3223 | D:4      | Slain by a hornet zombie

Illustrated notes

Levels and vault maps discovered:
D:1:      onia_arrival_zoo_common, layout_rooms, shapermc_ecumenical_altar_gd,
          minmay_quantized
D:2:      layout_loops_corners
D:3:      layout_basic, uniq_crazy_yiuf_cottage
D:4:      layout_loops_ring, nicolae_tso_besieged_by_evil, serial_shops, shop,
          uniq_eustachio, uniq_ijyb, uniq_menkaure

Skill      XL: |  1  2  3  4 |
---------------+-------------+-----
Conjurations   | 5 |  5.5
Spellcasting   | 3 |  3.3
Dodging        | |  2.0
Stealth        | |  2.6

Action                   |  1- 3 |  4- 6 || total
-------------------------+-------+-------++-------
Melee: Unarmed           |    17 |       ||    17
       Tentacles         |     3 |     4 ||     7
       Constrict         |     4 |     3 ||     7
       Dagger            |     1 |    18 ||    19
 Cast: Magic Dart        |    61 |    30 ||    91
       Searing Ray       |       |     2 ||     2
  Use: Potion            |       |     2 ||     2
Armor: Skin              |     2 |     3 ||     5
Dodge: Dodged            |    14 |    17 ||    31
